 Dungeon Crawl Stone Soup version 0.23.0-42-geed6394 (webtiles) character file.

Game seed: 169732070480655630

120444 Kairos the Severer (level 16, -2/79 HPs)
             Began as a Vine Stalker Fighter on Feb 28, 2019.
             Was the Champion of Okawaru.
             Slain by a guardian serpent (5 damage)
             ... on level 4 of the Snake Pit.
             The game lasted 00:49:08 (17751 turns).

Kairos the Severer (Vine Stalker Fighter)          Turns: 17751, Time: 00:49:09

Health: -2/79      AC: 21    Str: 27    XL:     16   Next: 82%
Magic:  0/29       EV: 19    Int: 10    God:    Okawaru [******]
Gold:   777        SH: 16    Dex: 20    Spells: 15/15 levels left

rFire    . . .     SeeInvis .   P - +4 hand axe (chop)
rCold    + . .     Gourm    .   c - +0 shield {AC+3}
rNeg     + . .     Faith    +   H - +1 scale mail of the Valley of Death {rElec rPois Regen+ Str+2}
rPois    +         Spirit   +   k - +0 hat of the Salamander {rC+ Dex+3}
rElec    +         Reflect  .   G - +0 cloak "Hidi Fan" {*Slow rElec MP+9 Dex+2}
rCorr    .         Harm     .   h - +0 pair of gloves
MR       +++..                  U - +2 pair of boots {run}
Stlth    +++.......             C - amulet of faith
HPRegen  1.43/turn              x - ring of protection from magic
MPRegen  0.21/turn              w - ring of positive energy

@: lethally poisoned (-2 -> -2), about to teleport, heroism, slowed,
constricted, very slow
A: fangs 3, repulsion field 1, clever 1, frail 1, regeneration 2, magic shield,
antimagic bite, no potion heal 3, rot immunity
a: Heroism, Finesse, Renounce Religion


You were on level 4 of the Snake Pit.
You worshipped Okawaru.
Okawaru was exalted by your worship.
You were not hungry.

You visited 3 branches of the dungeon, and saw 19 of its levels.

You collected 1648 gold pieces.
You spent 871 gold pieces at shops.

Inventory:

Hand Weapons
 a - a +3 war axe
 J - a +1 whip of flaming
 M - a +1 hand axe of flaming
 P - a +4 hand axe of chopping (weapon)
 Z - a +0 broad axe
Missiles
 b - 10 poisoned javelins
 B - 8 tomahawks (quivered)
Armour
 c - a +0 shield of protection (worn)
 h - a +0 pair of gloves (worn)
 j - a +2 plate armour of fire resistance
 k - the +0 hat of the Salamander (worn) {rC+ Dex+3}
   (Okawaru gifted it to you on level 2 of the Snake Pit)

   It affects your dexterity (+3).
   It protects you from cold.
 G - the +0 cloak "Hidi Fan" (worn) {*Slow rElec MP+9 Dex+2}
   (Okawaru gifted it to you on level 1 of the Snake Pit)

   It affects your dexterity (+2).
   It insulates you from electricity.
   It affects your magic capacity (+9).
   It may slow you when you take damage.
 H - the +1 scale mail of the Valley of Death (worn) {rElec rPois Regen+ Str+2}
   (You bought it in a shop on level 5 of the Dungeon)

   It affects your strength (+2).
   It insulates you from electricity.
   It protects you from poison.
   It increases your rate of regeneration.
 L - a +1 plate armour of cold resistance
 Q - a +0 large shield
 R - a +3 plate armour of magic resistance
 U - a +2 pair of boots of running (worn)
 W - a +0 hat of magic resistance
Jewellery
 q - an uncursed ring of ice
 s - the necklace of Bloodlust {*Rage +Rage MR++ Int-3 Slay+6 *Curse}
   (You found it on level 4 of the Dungeon)

   [amulet of rage]

   It affects your intelligence (-3).
   It affects your accuracy and damage with ranged weapons and melee attacks
   (+6).
   It affects your resistance to hostile enchantments.
   It lets you go berserk.
   It may make you go berserk in combat.
   It curses itself when equipped.
 w - a ring of positive energy (right hand)
 x - a ring of protection from magic (left hand)
 y - an uncursed ring of poison resistance
 C - an amulet of faith (around neck)
 O - an uncursed amulet of the acrobat {unknown}
Wands
 p - a wand of paralysis (13)
 r - a wand of iceblast (26)
 z - a wand of disintegration (27)
 F - a wand of enslavement (39)
 Y - a wand of scattershot (6)
Scrolls
 g - 8 scrolls of remove curse
 i - a scroll of blinking
 m - 2 scrolls of magic mapping
 n - 3 scrolls of immolation
 t - 3 scrolls of amnesia
 u - 3 scrolls of teleportation
 v - 2 scrolls of noise
 S - 2 scrolls of fog
Potions
 d - 4 potions of might
 e - 2 potions of invisibility
 l - 7 potions of lignification
 o - 11 potions of curing
 A - a potion of agility {unknown}
 D - a potion of cancellation {unknown}
 K - 2 potions of berserk rage {unknown}
 N - 3 potions of flight
 T - 3 potions of brilliance {unknown}
 V - a potion of degeneration {unknown}
 X - a potion of magic
Miscellaneous
 E - a fan of gales
Comestibles
 f - 33 rations


   Skills:
 + Level 11.6(16.6) Fighting
 + Level 15.4(20.5) Axes
 + Level 1.8(15.5) Maces & Flails
 + Level 1.1(6.1) Throwing
 + Level 10.5(15.5) Armour
 + Level 7.2(12.2) Dodging
 + Level 5.1(10.1) Stealth
 + Level 12.6(17.6) Shields
 + Level 5.1 Invocations
 + Level 0.1 Evocations


You had 15 spell levels left.
You didn't know any spells.
Your spell library contained the following spells:

 Spells                   Type           Power        Failure   Level  Hunger
 Beastly Appendage        Tmut           #.....       54%         1    ##.....
 Confusing Touch          Hex            #.....       54%         1    ##.....
 Sting                    Conj/Pois      #...         54%         1    ##.....
 Poisonous Vapours        Pois/Air       #.....       69%         2    ###....
 Sticks to Snakes         Tmut           #.......     69%         2    ###....
 Confuse                  Hex            #.......     89%         3    ####...
 Conjure Flame            Conj/Fire      #.......     89%         3    ####...
 Gell's Gravitas          Tloc           #.........   89%         3    ####...
 Mephitic Cloud           Conj/Pois/Air  #.......     89%         3    ####...
 Spider Form              Tmut/Pois      #.........   89%         3    ####...
 Ice Form                 Ice/Tmut       #.......     100%        4    #####..
 Olgreb's Toxic Radiance  Pois           #.......     100%        4    #####..
 Petrify                  Tmut/Erth      #.......     100%        4    #####..
 Blade Hands              Tmut           #.........   100%        5    ######.
 Metabolic Englaciation   Hex/Ice        #.........   100%        5    ######.
 Venom Bolt               Conj/Pois      #.........   100%        5    ######.
 Yara's Violent Unravell  Hex/Tmut       #.........   100%        5    ######.
 Freezing Cloud           Conj/Ice/Air   #.........   100%        6    #######
 Ring of Flames           Chrm/Fire      #.........   100%        7    #######


Dungeon Overview and Level Annotations

Branches:
Dungeon (9/15)             Temple (0/1) D:6            Lair (6/6) D:8
 Shoals (0/4) Lair:4        Snake (4/4) Lair:3        Slime (0/5) Lair:6
    Orc: D:9-12

Altars:
Kikubaaqudgha
Nemelex Xobeh
Okawaru
Qazlal
Sif Muna
Trog
Xom
The Shining One

Shops:
D:5 *   D:7 [   Snake:1 }==

Annotations:
D:9 1 runed translucent door, Flooderbenga's ghost, novice DrAK


Innate Abilities, Weirdness & Mutations

You have razor-sharp teeth.
You heal very quickly.
When hurt, damage is shared between your health and your magic reserves.
Your bite disrupts and absorbs the magic of your enemies.
Potions cannot restore your health.
You are immune to rotting.
You are surrounded by a mild repulsion field. (EV +2)
Your mind is acute. (Int +2)
You are frail. (-10% HP)


Message History

You block the naga warrior's attack. You block the nagaraja's attack.
The guardian serpent hits you but does no damage.
The naga warrior spits poison at you. You block the splash of poison.
The naga warrior constricts you.
The guardian serpent closely misses you.
The naga hits you but does no damage.
The nagaraja hits you but does no damage.
The naga warrior hits you but does no damage.
As you read the scroll of teleportation, it crumbles to dust.
You feel strangely unstable.
You feel sick.
The guardian serpent closely misses you.
You block the guardian serpent's attack.
The naga warrior hits you but does no damage.
* * * LOW HITPOINT WARNING * * *
The naga warrior constricts you.
The guardian serpent casts a spell at you.
The bolt of poison misses you.
The bolt of poison misses the naga warrior.
The guardian serpent hits you.
You die... # ... # .. ... .N ... ##'## ... .N..##...##.... ........S.. #.....# ##§## #SNS#

###@### ###
####§NNN§#######.##
...##...§§§§§...##..).#####
..#...............#(()...!.
#.................#)......
.#......⌠...⌠......#.......
#...................#......
#..........)....)...#......
#....⌠...<...[.⌠...........


You could see 2 naga warriors, a nagaraja, 2 guardian serpents and a naga.

Vanquished Creatures
  Bai Suzhen (Snake:3)
  Frances (Snake:1)
  Gastronok (Lair:3)
  Agnes (Snake:1)
  Kirke (Snake:1)
  7 nagarajas (Snake:4)
  Louise (Snake:2)
  A dire elephant (Lair:2)
  4 hydras
  13 naga warriors
  Erica (D:8)
  16 anacondas
  3 two-headed ogres
  5 shock serpents
  8 naga sharpshooters
  4 salamander mystics (Snake:4)
  6 naga ritualists
  Pikel (D:7)
  7 mana vipers
  9 salamanders
  16 elephants (Lair:2)
  30 black mambas
  17 guardian serpents
  20 naga magi
  10 spiny frogs
  4 komodo dragons
  4 rime drakes
  5 polar bears
  4 hornets
  A dream sheep (Lair:6)
  6 blink frogs
  11 hippogriffs
  13 spriggans
  A yak (D:8)
  A wyvern (Lair:2)
  Eustachio (D:5)
  A basilisk (Lair:6)
  5 hogs (Snake:1)
  A hungry ghost (D:8)
  Menkaure (D:6)
  33 nagas
  2 soldier ants (D:9)
  12 porcupines
  19 water moccasins
  7 black bears
  An orc warrior (D:8)
  A sky beast (D:5)
  A necrophage (D:5)
  20 wolves
  4 ogres
  5 boggarts (Lair:6)
  3 centaurs
  10 crocodiles
  A big kobold (D:9)
  5 bullfrogs
  3 scorpions
  A water moccasin skeleton (D:6)
  48 killer bees (Lair:5)
  An electric eel (Lair:2)
  2 crimson imps (D:7)
  4 jellies
  A quasit (D:7)
  5 orc wizards
  A centaur skeleton (D:6)
  2 orc priests
  A bullfrog skeleton (D:6)
  A gnoll shaman (D:5)
  An iguana (D:4)
  6 worker ants
  Terence (D:2)
  Ijyb (D:5)
  2 hound skeletons
  A worker ant zombie (D:7)
  5 gnolls (D:5)
  12 adders
  6 shadow imps
  3 oozes
  An adder skeleton (D:7)
  4 worms
  3 dart slugs
  7 leopard geckos
  12 orcs
  3 bats
  2 giant cockroaches
  6 hobgoblins
  11 jackals
  18 kobolds
  3 quokkas
  6 ball pythons
  3 frilled lizards
  A giant cockroach zombie (D:5)
  7 goblins
  A leopard gecko zombie (D:6)
  A quokka zombie (D:6)
  10 rats
  A butterfly (Lair:2)
  5 fungi
  A plant (D:8)
581 creatures vanquished.

Vanquished Creatures (others)
  A naga (Snake:3)
  A human (D:5)
  A worker ant (D:8)
  51 fungi
  14 plants
68 creatures vanquished.

Grand Total: 649 creatures vanquished

Notes
Turn   | Place    | Note
-------+----------+-------------------------------------------
     0 | D:1      | Kairos the Vine Stalker Fighter began the quest for the
                  | Orb.
     0 | D:1      | Reached XP level 1. HP: 11/11 MP: 2/2
   300 | D:1      | Reached skill level 2 in Axes
   300 | D:1      | Reached XP level 2. HP: 16/16 MP: 3/3
   521 | D:2      | Found an iron altar of Okawaru.
   534 | D:2      | Became a worshipper of Warmaster Okawaru
   656 | D:2      | Noticed Terence
   666 | D:2      | Killed Terence
   666 | D:2      | Reached XP level 3. HP: 16/20 MP: 2/4
   878 | D:2      | Gained mutation: Your natural rate of healing is unusually
                  | fast. [Vine Stalker growth]
   878 | D:2      | Reached XP level 4. HP: 22/24 MP: 3/5
  1143 | D:2      | Reached skill level 3 in Axes
  1405 | D:3      | Reached XP level 5. HP: 28/28 MP: 6/6
  2049 | D:4      | Found a sparkling altar of Nemelex Xobeh.
  2120 | D:4      | Reached * piety under Okawaru
  2145 | D:4      | Noticed an ogre
  2153 | D:4      | Killed an ogre
  2153 | D:4      | Reached skill level 4 in Axes
  2153 | D:4      | Reached XP level 6. HP: 18/32 MP: 5/7
  2211 | D:4      | Found a glowing golden altar of the Shining One.
  2391 | D:4      | Found the cursed necklace of Bloodlust {*Rage +Rage MR++
                  | Int-3 Slay+6 *Curse}
  2520 | D:5      | Entered Level 5 of the Dungeon
  2521 | D:5      | Noticed Ijyb
  2529 | D:5      | Killed Ijyb
  2532 | D:5      | Reached skill level 1 in Stealth
  2533 | D:5      | Reached skill level 1 in Dodging
  2533 | D:5      | Reached XP level 7. HP: 27/36 MP: 8/8
  2536 | D:5      | Reached skill level 5 in Axes
  2582 | D:5      | Found a stormy altar of Qazlal.
  2705 | D:5      | Reached ** piety under Okawaru
  2741 | D:5      | Found Esyxyi's Assorted Antiques.
  2778 | D:5      | Found an ancient bone altar of Kikubaaqudgha.
  2778 | D:5      | Noticed a human
  2781 | D:5      | Killed a human
  2857 | D:5      | Reached skill level 6 in Axes
  2857 | D:5      | Gained mutation: You have razor-sharp teeth. [Vine Stalker
                  | growth]
  2857 | D:5      | Reached XP level 8. HP: 41/42 MP: 7/9
  2947 | D:5      | Noticed Eustachio
  2952 | D:5      | Killed Eustachio
  3078 | D:6      | Found a staircase to the Ecumenical Temple.
  3223 | D:6      | Noticed a moth of wrath
  3226 | D:6      | Found a bloodstained altar of Trog.
  3410 | D:6      | Reached skill level 7 in Axes
  3747 | D:6      | Noticed Menkaure
  3749 | D:6      | Killed Menkaure
  4184 | D:6      | Reached *** piety under Okawaru
  4185 | D:6      | Reached XP level 9. HP: 46/46 MP: 10/10
  4378 | D:7      | Found a shimmering altar of Xom.
  4379 | D:7      | Found a shimmering altar of Xom.
  4383 | D:7      | Found a shimmering altar of Xom.
  4383 | D:7      | Found a shimmering altar of Xom.
  4384 | D:7      | Found a shimmering altar of Xom.
  4428 | D:7      | Reached skill level 8 in Axes
  4584 | D:7      | Noticed a spiny frog
  4591 | D:7      | Noticed a rime drake
  4591 | D:7      | a raiju changed into a rime drake
  4628 | D:7      | Found Dusenoe's Armour Shop.
  4686 | D:5      | Bought a citrine-encrusted scale mail for 270 gold pieces
  4696 | D:5      | Identified the cursed +1 scale mail of the Valley of Death
                  | {rElec rPois Regen+ Str+2} (You bought it in a shop on
                  | level 5 of the Dungeon)
  4803 | D:8      | Noticed Pikel
  4874 | D:7      | Killed Pikel
  4874 | D:7      | Reached **** piety under Okawaru
  4874 | D:7      | Reached skill level 5 in Fighting
  4874 | D:7      | Reached skill level 9 in Axes
  4874 | D:7      | Reached skill level 5 in Armour
  4887 | D:8      | Reached ***** piety under Okawaru
  4924 | D:8      | Found a staircase to the Lair.
  4929 | D:8      | Reached skill level 5 in Shields
  4929 | D:8      | Reached XP level 10. HP: 51/51 MP: 11/11
  4952 | D:8      | Noticed Erica
  4963 | D:8      | Killed Erica
  5130 | D:8      | Noticed a two-headed ogre
  5135 | D:8      | Killed a two-headed ogre
  5135 | D:8      | Reached skill level 10 in Axes
  5411 | D:8      | Noticed a two-headed ogre
  5418 | D:8      | Killed a two-headed ogre
  5418 | D:8      | Received a gift from Okawaru
  5763 | D:9      | Noticed a two-headed ogre
  5772 | D:9      | Killed a two-headed ogre
  5794 | D:9      | Found a deep blue altar of Sif Muna.
  5946 | D:9      | Found a stormy altar of Qazlal.
  6218 | D:9      | Reached XP level 11. HP: 31/56 MP: 8/12
  6256 | D:9      | Reached skill level 11 in Axes
  6516 | D:9      | Found a runed translucent door.
  6517 | D:9      | Identified the +2 spear of Floods {pierce, Fragile rElec
                  | MP+9}
  6519 | D:9      | Noticed Flooderbenga's ghost (novice DrAK)
  6749 | D:8      | Got a twisted short sword
  6761 | Lair:1   | Entered Level 1 of the Lair of Beasts
  7363 | Lair:2   | Found the +8 storm bow {elec}
  7373 | Lair:2   | Received a gift from Okawaru
  7503 | Lair:2   | Reached ****** piety under Okawaru
  7533 | Lair:2   | Reached skill level 12 in Axes
  7575 | Lair:2   | Gained mutation: You heal very quickly. [Vine Stalker
                  | growth]
  7575 | Lair:2   | Reached XP level 12. HP: 37/63 MP: 11/13
  8061 | Lair:2   | Noticed a dire elephant
  8073 | Lair:2   | Killed a dire elephant
  8073 | Lair:2   | Received a gift from Okawaru
  8102 | Lair:2   | Identified a +0 pair of boots of running (Okawaru gifted it
                  | to you on level 2 of the Lair of Beasts)
  8344 | Lair:2   | Reached skill level 13 in Axes
  8468 | Lair:3   | Noticed Gastronok
  8479 | Lair:3   | Killed Gastronok
  8530 | Lair:3   | Noticed a four-headed hydra
  8542 | Lair:3   | Killed a four-headed hydra
  8689 | Lair:3   | Found a staircase to the Snake Pit.
  8721 | Lair:3   | Reached XP level 13. HP: 68/68 MP: 14/14
  8940 | Lair:3   | Got a slimy chain mail
  8952 | Lair:3   | Identified the +1 chain mail "Medimuh" {MR+ Str+3 Int+4}
                  | (You found it on level 3 of the Lair of Beasts)
  9275 | Lair:4   | Identified the cursed +2 short sword "Ultimatum" {drain,
                  | -Tele rF+ Dex+3} (You found it on level 8 of the Dungeon)
  9303 | Lair:4   | Reached skill level 1 in Maces & Flails
  9509 | Lair:4   | Found a staircase to the Shoals.
 10050 | Lair:5   | Received a gift from Okawaru
 10665 | Lair:6   | Entered Level 6 of the Lair of Beasts
 11148 | Lair:6   | Reached skill level 14 in Axes
 11366 | Lair:6   | Got a dazzling mace
 11367 | Lair:6   | Identified the +4 mace "Grim Tooth" {antimagic, rPois MP-9
                  | Str-3 Dex+8} (You found it on level 6 of the Lair of
                  | Beasts)
 11479 | Lair:6   | Reached XP level 14. HP: 70/74 MP: 15/15
 11483 | Lair:6   | Received a gift from Okawaru
 11701 | Lair:6   | Found a staircase to the Slime Pits.
 12228 | Snake:1  | Entered Level 1 of the Snake Pit
 12255 | Snake:1  | You fall through a shaft!
 12280 | Snake:2  | Received a gift from Okawaru
 12378 | Snake:2  | Reached skill level 1 in Invocations
 12426 | Snake:2  | Received a gift from Okawaru
 12435 | Snake:2  | Reached skill level 5 in Dodging
 12448 | Snake:2  | Got a spiked hat {god gift}
 12459 | Snake:2  | Identified the +0 hat of the Salamander {rC+ Dex+3}
                  | (Okawaru gifted it to you on level 2 of the Snake Pit)
 12751 | Snake:1  | Noticed Frances
 12762 | Snake:1  | Killed Frances
 13023 | Snake:1  | Found Xaryocyo's Gadget Boutique.
 13023 | Snake:1  | Found Voihowu's Jewellery Shoppe.
 13024 | Snake:1  | Found Vatek's Jewellery Shoppe.
 13033 | Snake:1  | Bought a cursed ring of attention for 81 gold pieces
 13041 | Snake:1  | Gained mutation: Scrolls take you a little longer to read.
                  | [potion of mutation]
 13041 | Snake:1  | Gained mutation: You have a pair of small antennae on your
                  | head. [potion of mutation]
 13042 | Snake:1  | Lost mutation: Scrolls take you a little longer to read.
                  | [potion of mutation]
 13042 | Snake:1  | Lost mutation: You have a pair of small antennae on your
                  | head. [potion of mutation]
 13042 | Snake:1  | Gained mutation: You are surrounded by a mild repulsion
                  | field. (EV +2) [potion of mutation]
 13042 | Snake:1  | Gained mutation: You are frail. (-10% HP) [potion of
                  | mutation]
 13042 | Snake:1  | Gained mutation: Your mind is acute. (Int +2) [potion of
                  | mutation]
 13059 | Snake:1  | Bought an uncursed amulet of faith for 520 gold pieces
 13234 | Snake:1  | Noticed Agnes
 13406 | Snake:1  | Reached skill level 10 in Shields
 13499 | Snake:1  | Received a gift from Okawaru
 13624 | Snake:1  | Noticed Kirke
 13648 | Snake:1  | Noticed a sphinx
 13665 | Snake:1  | Killed Agnes
 13665 | Snake:1  | Reached skill level 10 in Fighting
 13690 | Snake:1  | Killed Kirke
 13690 | Snake:1  | Received a gift from Okawaru
 13690 | Snake:1  | Reached XP level 15. HP: 17/72 MP: 17/17
 13694 | Snake:1  | Got a fine cloak {god gift}
 13700 | Snake:1  | Identified the +0 cloak "Hidi Fan" {*Slow rElec MP+9 Dex+2}
                  | (Okawaru gifted it to you on level 1 of the Snake Pit)
 14611 | Snake:2  | Noticed Louise
 14653 | Snake:2  | Killed Louise
 14821 | Snake:2  | Found a runed translucent gate.
 14821 | Snake:2  | Found a runed translucent gate.
 14821 | Snake:2  | Found a runed translucent gate.
 15093 | Snake:2  | Received a gift from Okawaru
 15471 | Snake:3  | Reached skill level 10 in Armour
 15894 | Snake:3  | Noticed Bai Suzhen
 16231 | Snake:3  | Killed Bai Suzhen
 16231 | Snake:3  | Reached skill level 15 in Axes
 16231 | Snake:3  | Reached skill level 1 in Throwing
 16231 | Snake:3  | Reached skill level 5 in Stealth
 16471 | Snake:4  | Entered Level 4 of the Snake Pit
 16676 | Snake:4  | Received a gift from Okawaru
 16709 | Snake:4  | Reached XP level 16. HP: 58/77 MP: 20/20
 16909 | Snake:4  | Noticed a nagaraja
 16917 | Snake:4  | Noticed a nagaraja
 16933 | Snake:4  | Killed a nagaraja
 16941 | Snake:4  | Killed a nagaraja
 17270 | Snake:4  | Noticed a nagaraja
 17318 | Snake:4  | Killed a nagaraja
 17357 | Snake:4  | Noticed a nagaraja
 17378 | Snake:4  | Killed a nagaraja
 17452 | Snake:4  | Noticed a nagaraja
 17473 | Snake:4  | Received a gift from Okawaru
 17482 | Snake:4  | Killed a nagaraja
 17512 | Snake:4  | Noticed a nagaraja
 17518 | Snake:4  | Noticed a nagaraja
 17543 | Snake:4  | Received a gift from Okawaru
 17619 | Snake:4  | Noticed a nagaraja
 17637 | Snake:4  | Killed a nagaraja
 17640 | Snake:4  | Reached skill level 5 in Invocations
 17651 | Snake:4  | Killed a nagaraja
 17748 | Snake:4  | Noticed a nagaraja
 17751 | Snake:4  | HP: 3/79 [naga warrior/+0 scimitar (3)]
 17751 | Snake:4  | Slain by a guardian serpent

Skill      XL: |  1  2  3  4  5  6  7  8  9 10 11 12 13 14 15 16 |
---------------+-------------------------------------------------+-----
Axes           | 2 3 4 6 7 9 10 12 13 14 15 | 15.4
Fighting       | 3 4 5 6 7 8 10 11 | 11.6
Shields        | 3 4 5 6 7 9 10 11 12 | 12.6
Armour         | 3 4 5 6 7 8 9 10 | 10.5
Stealth        | 1 3 4 5 |  5.1
Dodging        | 1 2 3 4 5 6 7 |  7.2
Maces & Flails | 1 |  1.8
Invocations    | 2 4 5 |  5.1
Throwing       | 1 |  1.1
Evocations     | |  0.1

Action                   |  1- 3 |  4- 6 |  7- 9 | 10-12 | 13-15 | 16-18 || total
-------------------------+-------+-------+-------+-------+-------+-------++-------
Melee: War axe           |    73 |   140 |   153 |   284 |     5 |       ||   655
       Bite              |    15 |    40 |    58 |   132 |   397 |   186 ||   828
       Whip              |       |       |       |     7 |    14 |       ||    21
       Hand axe          |       |       |       |       |   913 |   319 ||  1232
       Broad axe         |       |       |       |       |     5 |       ||     5
Throw: Tomahawk          |       |       |       |       |     9 |       ||     9
Invok: Heroism           |       |       |       |     5 |    18 |     8 ||    31
       Finesse           |       |       |       |       |     5 |     4 ||     9
Evoke: Wand              |       |     1 |       |     1 |       |       ||     2
  Use: Scroll            |     3 |     4 |     2 |     5 |    12 |     5 ||    31
       Potion            |       |       |       |       |     3 |       ||     3
 Stab: Distracted        |       |       |     1 |       |       |       ||     1
       Paralysed         |       |       |       |     3 |       |       ||     3
       Sleeping          |       |       |       |       |     2 |       ||     2
  Eat: Chunk             |       |     5 |    10 |    12 |    12 |       ||    39
       Ration            |       |       |       |       |     4 |     1 ||     5
Armor: Scale mail        |    37 |    70 |    59 |   104 |   189 |    52 ||   511
Dodge: Dodged            |    21 |    37 |    36 |   110 |   323 |   135 ||   662
Block: Shield            |    43 |    68 |    69 |   166 |   457 |   234 ||  1037
